 Dungeon Crawl Stone Soup version 0.25.1-2-g60ff931df9 (webtiles) character file.

Game seed: 6543304363177458060

566 funkygono the Chopper (level 7, -5/60 HPs)
             Began as a Hill Orc Fighter on Oct 12, 2020.
             Killed from afar by an electric eel (7 damage)
             ... with a bolt of electricity
             ... on level 4 of the Dungeon.
             The game lasted 00:09:55 (4058 turns).

funkygono the Chopper (Hill Orc Fighter)            Turns: 4058, Time: 00:09:56

Health: -5/60      AC:  9    Str: 21    XL:     7   Next: 32%
Magic:  7/7        EV:  8    Int:  8    God:
Gold:   301        SH: 15    Dex: 10    Spells: 6/6 levels left

rFire    . . .     SeeInvis .   a - +2 war axe
rCold    . . .     Gourm    .   c - +0 kite shield
rNeg     + . .     Faith    .   b - +0 scale mail
rPois    .         Spirit   .   u - +0 helmet
rElec    .         Reflect  +   v - +0 cloak
rCorr    .         Harm     .   (no gloves)
MR       .....                  (no boots)
Stlth    ..........             q - amulet of reflection
HPRegen  0.20/turn              t - ring of positive energy
MPRegen  0.10/turn              (no ring)

@: no status effects
A: no striking features
a: no special abilities


You were on level 4 of the Dungeon.
You were not hungry.

You visited 1 branch of the dungeon, and saw 4 of its levels.
You also visited: Sewer.

You collected 301 gold pieces.

Inventory:

Hand Weapons
 a - a +2 war axe (weapon)
Missiles
 g - 23 stones
 s - a throwing net
 x - 4 atropa-tipped darts
 z - 12 poisoned darts (quivered)
Armour
 b - a +0 scale mail (worn)
 c - a +0 kite shield (worn)
 u - a +0 helmet (worn)
 v - a +0 cloak (worn)
Jewellery
 q - an amulet of reflection (around neck)
 t - a ring of positive energy (left hand)
Wands
 o - a wand of polymorph (6)
 B - a wand of flame (18)
Scrolls
 e - 2 scrolls of amnesia
 h - 2 scrolls of teleportation
 k - 2 scrolls of remove curse
 w - a scroll of immolation {unknown}
 y - a scroll of blinking {unknown}
 A - a scroll of identify
Potions
 d - a potion of might
 i - 2 potions of ambrosia
 j - a potion of lignification
 l - a potion of magic {unknown}
 m - 2 potions of curing {unknown}
 n - a potion of heal wounds
 r - a potion of invisibility {unknown}
Comestibles
 f - 7 rations


   Skills:
 + Level 4.5 Fighting
 + Level 6.0 Axes
 + Level 1.6 Throwing
 + Level 5.0 Armour
 + Level 1.3 Dodging
 + Level 5.3 Shields


You had 6 spell levels left.
You didn't know any spells.
Your spell library was empty.

Dungeon Overview and Level Annotations

Branches:
Dungeon (4/15)              Sewer (visited)
 Temple: D:4-7

Altars:
Ru
Sif Muna

Annotations:
D:3 Blork the orc
D:4 1 transporter


Message History

The electric eel shoots out a bolt of lightning at you!
The bolt of electricity hits you! x2
There is an open door here.
The electric eel shoots out a bolt of lightning at you!
The bolt of electricity hits you!
The electric eel shoots out a bolt of lightning at you!
The bolt of electricity hits you! x2
* * * LOW HITPOINT WARNING * * *
You hit the electric eel.
The electric eel is moderately wounded.
You slash the electric eel!
The electric eel shoots out a bolt of lightning at you!
The bolt of electricity hits you!
* * * LOW HITPOINT WARNING * * *
You barely miss the electric eel.
The electric eel is moderately wounded.
You miss the electric eel.
The electric eel shoots out a bolt of lightning at you!
The bolt of electricity hits you!
You die...

...## #P.[.P#.# ..##
#.###+###.# # ).#####
#.#≈...≈#.###.### ......#
#.#≈...≈#........ ..###.#
#.#≈...≈#...$.### .## #.#
#.#≈.♣.≈#.##### .# #.#
#.#≈...≈#.# .# #.#
.##.#;...≈#.# .#
#.####.##.#;@..≈#.### .#
#.##......###'###...# .#
##.##.#.##.#P...P#.#.#
.###..##.#.##.#8.©.8#.#.#
..##.###.#.##.#######.#.######
.#.#.###.#.##....©....#.......
...........###................
##.......####.........########
#.#.###..# #.#.###..##


You could see 2 electric eels.

Vanquished Creatures
  A bullfrog (Sewer)
  A scorpion (D:4)
  3 orc wizards (D:3)
  An iguana (D:4)
  18 adders
  10 oozes (Sewer)
  5 worms (D:4)
  A dart slug (D:3)
  7 leopard geckos
  2 orcs (D:3)
  19 giant cockroaches
  8 goblins
  6 hobgoblins
  4 jackals (D:2)
  3 kobolds (D:1)
  2 quokkas
  10 ball pythons
  5 bats
  10 frilled lizards
  8 rats
124 creatures vanquished.

Notes
Turn   | Place    | Note
-------+----------+-------------------------------------------
     0 | D:1      | funkygono the Hill Orc Fighter began the quest for the Orb.
     0 | D:1      | Reached XP level 1. HP: 19/19 MP: 1/1
   130 | D:1      | Reached XP level 2. HP: 27/27 MP: 2/2
   670 | D:2      | Reached XP level 3. HP: 33/33 MP: 3/3
   712 | D:2      | Found a sacrificial altar of Ru.
   807 | D:2      | Reached skill level 3 in Axes
  1607 | D:3      | Noticed Blork the orc
  1615 | D:3      | Found a shimmering blue altar of Sif Muna.
  2016 | D:3      | Reached XP level 4. HP: 40/40 MP: 4/4
  2322 | D:3      | Reached skill level 1 in Throwing
  2510 | D:3      | Reached skill level 1 in Dodging
  2510 | D:3      | Reached XP level 5. HP: 11/46 MP: 5/5
  2521 | D:3      | Reached skill level 4 in Axes
  2847 | D:4      | Reached XP level 6. HP: 47/52 MP: 6/6
  2898 | D:4      | Found a glowing drain.
  2907 | Sewer    | Entered a sewer
  3228 | Sewer    | Reached skill level 5 in Axes
  3423 | Sewer    | Reached skill level 5 in Shields
  3423 | Sewer    | Reached XP level 7. HP: 47/60 MP: 7/7
  3763 | D:4      | Reached skill level 6 in Axes
  3763 | D:4      | Reached skill level 5 in Armour
  3799 | D:4      | Found a transporter.
  3812 | D:4      | Found a transporter.
  4057 | D:4      | HP: 2/60 [electric eel/bolt of electricity (11)]
  4058 | D:4      | Killed from afar by an electric eel

Illustrated notes

Levels and vault maps discovered:
D:1:      minmay_arrival_stone_box, layout_basic
D:2:      layout_basic, nicolae_ru_sacrificial_ziggurat, minmay_tromino_i2
D:3:      layout_basic, tgw_sif
D:4:      gammafunk_steamed_eel, layout_loops_ring, lemuel_temple_firewalk_a,
          lightli_sewer_entry_pipes, uniq_ijyb

Skill      XL: |  1  2  3  4  5  6  7 |
---------------+----------------------+-----
Axes           | 3 4 5 6 |  6.0
Armour         | 4 5 |  5.0
Shields        | 4 5 |  5.3
Fighting       | 4 |  4.5
Throwing       | 1 |  1.6
Dodging        | 1 |  1.3

Action                   |  1- 3 |  4- 6 |  7- 9 || total
-------------------------+-------+-------+-------++-------
Melee: War axe           |   106 |   253 |    47 ||   406
Throw: Stone             |    39 |     8 |       ||    47
       Dart              |       |    28 |    16 ||    44
  Use: Scroll            |     5 |     1 |       ||     6
       Potion            |       |     3 |       ||     3
  Eat: Chunk             |     4 |     5 |     2 ||    11
Armor: Scale mail        |    61 |    99 |     8 ||   168
Dodge: Dodged            |    43 |    62 |     7 ||   112
Block: Kite shield       |    61 |   216 |    31 ||   308
       Reflection        |       |     1 |       ||     1
